 Dungeon Crawl Stone Soup version 0.30-a0-728-gc68057be0a (webtiles) character file.

Game seed: 16956232508439084334

1246 lunkers the Carver (level 9, -1/74 HPs)
             Began as a Meteoran Fighter on Jan 30, 2023.
             Was a Follower of the Shining One.
             Slain by a gnoll bouda
             ... wielding a +0 trident
              (4 damage)
             ... in a bailey.
             The game lasted 00:08:51 (2739 turns).

lunkers the Carver (Meteoran Fighter)               Turns: 2739, Time: 00:08:52

Health: -1/74      AC: 11    Str: 19    XL:     9   Next: 7%
Magic:  13/13      EV: 10    Int: 10    God:    the Shining One [*.....]
Gold:   227        SH:  5    Dex: 17    Spells: 8/8 levels left

rFire   . . .      SeeInvis .    a - +0 long sword
rCold   . . .      Faith    .    c - +0 buckler
rNeg    + . .      Spirit   .    d - +3 leather armour {rN+}
rPois   .          Reflect  .    (no helmet)
rElec   .          Harm     .    g - +0 cloak
rCorr   .          Rampage  .    (no gloves)
Will    +....                    (no boots)
Stlth   +                        (no amulet)
HPRegen 0.32/turn                o - +4 ring of protection
MPRegen 0.13/turn                (no ring)

@: weakened, glowing
A: sense surroundings 2, otherworldly, glowing, explore regen
a: Renounce Religion, Divine Shield


You were in a bailey.
You worshipped the Shining One.
The Shining One was aware of your devotion.
You visited 2 branches of the dungeon, and saw 8 of its levels.
You also visited: Sewer and Bailey.

You collected 227 gold pieces.

Inventory:

Hand Weapons
 a - a +0 long sword (weapon)
Missiles
 v - a throwing net
Armour
 c - a +0 buckler (worn)
 d - a +3 leather armour of positive energy (worn)
 g - a +0 cloak (worn)
Jewellery
 o - a +4 ring of protection (left hand)
Wands
 u - a wand of polymorph (5)
Scrolls
 b - a scroll of fog
 e - a scroll of magic mapping
 h - 7 scrolls of identify
 i - a scroll of immolation
 p - 2 scrolls of vulnerability {unknown}
 r - 2 scrolls of teleportation
Potions
 f - 4 potions of lignification
 j - 2 potions of mutation
 k - 2 potions of curing
 l - 2 potions of heal wounds
 m - a potion of resistance
 q - a potion of flight {unknown}
 s - a potion of might
 t - a potion of haste


   Skills:
 + Level 5.5 Fighting
 - Level 10.0 Long Blades
 - Level 3.6 Armour
 - Level 3.6 Shields
 + Level 5.1 Invocations


You had 8 spell levels left.
You didn't know any spells.
Your spell library contained the following spells:

 Spells                   Type           Power      Damage    Failure   Level
 Call Canine Familiar     Summ           0%         N/A       87%         3
 Portal Projectile        Hex/Tloc       0%         N/A       87%         3
 Leda's Liquefaction      Hex/Erth       0%         N/A       99%         4


Dungeon Overview and Level Annotations

Branches:
Dungeon (7/15) Zot: 1698   Temple (1/1) D:4 Zot: 532   Sewer (visited)
 Bailey (1/1) Zot: 487

Altars:
Ashenzari
Cheibriados
Dithmenos
Fedhas
Hepliaklqana
Nemelex Xobeh
Okawaru
Qazlal
Ru
Sif Muna
Trog
Wu Jian
Zin
The Shining One

Shops:
D:5 [

Annotations:
D:6 2 transporters, Rudyous's ghost, novice MiFi


Innate Abilities, Weirdness & Mutations

You passively map the area around you.
You are easily found by Zot.
You glow in the dark.
You regain HP and MP as you explore.


Message History

The gnoll sergeant is healed somewhat.
The gnoll sergeant closely misses you. The gnoll closely misses you.
You hit the gnoll sergeant.
The gnoll sergeant is heavily wounded.
The gnoll bouda gazes fiercely through you!
You feel your attacks grow feeble. The gnoll bouda barely misses you.
The gnoll sergeant misses you. The gnoll hits you but does no damage.
You hit the gnoll sergeant but do no damage.
The gnoll sergeant is heavily wounded.
The gnoll bouda hits you but does no damage.
The gnoll sergeant closely misses you. The gnoll hits you with a +0 spear.
* * * LOW HITPOINT WARNING * * *
You hit the gnoll sergeant but do no damage.
The gnoll sergeant is heavily wounded.
The gnoll bouda barely misses you.
The gnoll sergeant hits you but does no damage.
The gnoll hits you but does no damage.
You hit the gnoll sergeant but do no damage.
The gnoll sergeant is heavily wounded.
You block the gnoll bouda's attack. The gnoll sergeant closely misses you.
You hit the gnoll sergeant but do no damage.
The gnoll sergeant is heavily wounded.
The gnoll is no longer moving quickly.
The gnoll completely misses you.
The gnoll bouda barks out a call to the hunt!
The gnoll picks up the pace!
The gnoll sergeant barely misses you.
You hit the gnoll sergeant but do no damage.
The gnoll sergeant is heavily wounded.
The gnoll barely misses you.
The gnoll bouda hits you but does no damage.
You slash the gnoll bouda!
The gnoll bouda is severely wounded.
The gnoll sergeant is no longer blind.
The gnoll hits you but does no damage. You block the gnoll sergeant's attack.
The gnoll bouda hits you with a +0 trident!
* * * LOW HITPOINT WARNING * * *
The gnoll bouda attacks as you move away!
The gnoll bouda hits you with a +0 trident.
You die...

♣♣.).♣♣♣♣
♣♣♣♣..)....♣♣
♣♣♣...........♣♣♣
♣...............♣♣
*♣≈≈≈≈≈≈≈...≈≈≈≈≈≈≈♣♣
♣≈≈...............≈≈♣
♣≈.................≈♣
♣≈.######'''######.≈♣
♣≈. , #)g@#,,, #.≈♣
♣≈#* *+#.g.#+ ##≈♣ ♣≈
, #.g.# ,, ,*≈♣ * ,
##'## 8 ≈♣ * , #...#*
*≈♣ ,, #.....# ≈♣ *~
#.......# ,*≈♣ ,
#..$8$..# * * ~
#.......#


You could see a gnoll sergeant (swift), a gnoll bouda and a gnoll (swift).

Vanquished Creatures
  Eustachio (D:4)
  A black bear (D:7)
  A centaur (D:6)
  2 phantoms
  A necrophage (D:7)
  A scorpion (D:5)
  A gnoll sergeant (Bailey)
  An electric eel (D:7)
  A jelly (D:7)
  5 hounds
  Crazy Yiuf (D:5)
  2 iguanas
  An orc wizard (D:3)
  A hell rat (Sewer)
  7 gnolls
  8 adders
  3 river rats (Sewer)
  An ufetubus (D:3)
  A worm (D:4)
  A dart slug (D:2)
  14 orcs
  3 ball pythons
  5 endoplasms
  4 giant cockroaches
  2 goblins
  5 hobgoblins
  7 jackals
  4 kobolds
  A quokka (D:2)
  2 bats (D:1)
  2 frilled lizards (D:1)
  12 rats
102 creatures vanquished.

Notes
Turn   | Place    | Note
-------+----------+-------------------------------------------
     0 | D:1      | lunkers the Meteoran Fighter began the quest for the Orb.
     0 | D:1      | Reached XP level 1. HP: 19/19 MP: 2/2
    39 | D:1      | Reached skill level 3 in Long Blades
    39 | D:1      | Reached XP level 2. HP: 24/26 MP: 3/3
   443 | D:1      | Reached XP level 3. HP: 26/31 MP: 4/4
   474 | D:1      | Glimpsed the power of Zot.
   499 | D:2      | Reached skill level 4 in Long Blades
   612 | D:2      | Reached XP level 4. HP: 24/38 MP: 5/5
   742 | D:3      | Reached skill level 5 in Long Blades
   763 | D:3      | Reached XP level 5. HP: 39/45 MP: 6/6
  1036 | D:4      | Noticed Eustachio
  1041 | D:4      | Killed Eustachio
  1042 | D:4      | Reached skill level 7 in Long Blades
  1042 | D:4      | Reached XP level 6. HP: 49/51 MP: 7/7
  1095 | D:4      | Found a staircase to the Ecumenical Temple.
  1126 | Temple   | Entered the Ecumenical Temple
  1184 | Temple   | Became a worshipper of the Shining One
  1366 | D:4      | Reached skill level 8 in Long Blades
  1366 | D:4      | Reached XP level 7. HP: 57/57 MP: 8/8
  1570 | D:4      | Found a blossoming altar of Fedhas.
  1762 | D:5      | Entered Level 5 of the Dungeon
  1762 | D:5      | Found Cocku's Antique Armour Shoppe.
  1784 | D:5      | Found a glowing drain.
  1820 | Sewer    | Entered a sewer
  1903 | Sewer    | Reached skill level 9 in Long Blades
  2005 | D:5      | Found a runed translucent door.
  2006 | D:5      | Noticed Crazy Yiuf
  2014 | D:5      | Killed Crazy Yiuf
  2080 | D:5      | Reached XP level 8. HP: 62/63 MP: 9/9
  2153 | D:6      | Reached skill level 10 in Long Blades
  2153 | D:6      | Reached skill level 1 in Invocations
  2305 | D:6      | Noticed Rudyous's ghost (novice MiFi)
  2306 | D:6      | Found a transporter.
  2306 | D:6      | Identified the +11 giant club of Fotate Jeif {flame, Contam
                  | *Slow Will+ Dex+7}
  2306 | D:6      | Identified the +1 great mace "Vieqetux" {flame, rPois rCorr
                  | Str-4 Dex+4}
  2306 | D:6      | Noticed a two-headed ogre
  2388 | D:6      | Found a transporter.
  2427 | D:7      | Reached * piety under the Shining One
  2570 | D:7      | Reached skill level 5 in Fighting
  2570 | D:7      | Found a stormy altar of Qazlal.
  2581 | D:7      | The Shining One protects you from harm!
  2596 | D:7      | Found a flagged portal.
  2624 | Bailey   | Entered a bailey
  2653 | Bailey   | Gained mutation: You passively map the area around you.
                  | [Meteoran growth]
  2653 | Bailey   | Reached XP level 9. HP: 42/74 MP: 13/13
  2722 | Bailey   | Reached skill level 5 in Invocations
  2738 | Bailey   | HP: 3/74 [gnoll bouda/+0 trident (11)]
  2739 | Bailey   | Slain by a gnoll bouda

Illustrated notes

Levels and vault maps discovered:
D:1:      ncdulo_wetmaze, layout_basic, kennysheep_another_room
D:2:      layout_basic, grunt_decor_resistance
D:3:      layout_basic, grunt_temple_overflow_champion_of_chaos
D:4:      layout_loops_ring, fedhas_altar_fruit_tree,
          minmay_temple_entry_mini_moons, kennysheep_generic_room_3,
          uniq_eustachio
D:5:      kennysheep_windowed_halls, layout_basic, nicolae_vehumet_altar_sigil,
          nicolae_uskayaw_suspiria, portal_sewer_entry_a, serial_shops,
          nicolae_shop_trees, uniq_crazy_yiuf_cottage
D:6:      layout_basic, lemuel_mausoleum_altar_kikubaaqudgha,
          gammafunk_ghost_smash
D:7:      layout_cave_pools, mainiacjoe_overflow_tiny_flanked,
          nicolae_gozag_zags_fifth_avenue, enter_bailey_4, serial_park,
          serial_park_paths [serial_park_minivault_5x5_1], serial_park_tiny_2,
          serial_park_tiny_pond, serial_park_tiny_2
Temple:   nicolae_temple_ecumenical_triangle
Bailey:   bailey_polearm_gnolls_kennysheep, bailey

Skill      XL: |  1  2  3  4  5  6  7  8  9 |
---------------+----------------------------+-----
Long Blades    | 3 4 5 7 8 9 10 | 10.0
Invocations    | 4 5 |  5.1
Fighting       | 5 |  5.5
Armour         | |  3.6
Shields        | |  3.6

Action                     |  1- 3 |  4- 6 |  7- 9 || total
---------------------------+-------+-------+-------++-------
  Melee: Long sword        |    71 |    98 |   212 ||   381
  Evoke: Wand              |       |       |     9 ||     9
    Use: Potion            |       |     1 |       ||     1
         Scroll            |       |     9 |     6 ||    15
 Armour: Scale mail        |    37 |    22 |       ||    59
         Leather armour    |       |    27 |   114 ||   141
  Dodge: Dodged            |    49 |    46 |   100 ||   195
  Block: Buckler           |    28 |    21 |    56 ||   105

Table legend: (Time is in decaauts)
 A = Elapsed time spent in this place.
 B = Non-inter-level travel time spent in this place.
 C = Inter-level travel time spent in this place.
 D = Time resting spent in this place.
 E = Time spent auto-exploring this place.
 F = Levels seen in this place.
 G = Mean time per level.
                   A        B        C        D        E       F      G
               +--------+--------+--------+--------+--------+-----+--------+
         Total |   2800 |   2706 |     94 |      0 |   1812 |  10 |  280.0 |
       Dungeon |   2501 |   2416 |     85 |      0 |   1702 |   7 |  357.3 |
        Temple |     67 |     58 |      9 |      0 |     31 |   1 |   67.0 |
         Sewer |    119 |    119 |      0 |      0 |     50 |   1 |  119.0 |
        Bailey |    112 |    112 |      0 |      0 |     29 |   1 |  112.0 |
               +--------+--------+--------+--------+--------+-----+--------+

Top non-repeatable levels by time:
     D:4: 667 daAuts
     D:1: 521 daAuts
     D:3: 350 daAuts
     D:6: 336 daAuts
     D:5: 227 daAuts
     D:7: 199 daAuts
     D:2: 199 daAuts
   Sewer: 119 daAuts
  Bailey: 112 daAuts
  Temple: 67 daAuts
